 Dungeon Crawl Stone Soup version 0.28-a0-1555-g9ae15a6949 (webtiles) character file.

Game seed: 14015557641890161719

792 issech the Cudgeller (level 7, 0/68 HPs)
             Began as a Troll Fighter on Jan 18, 2022.
             Slain by Edmund (7 damage)
             ... on level 4 of the Dungeon.
             The game lasted 00:16:11 (3373 turns).

issech the Cudgeller (Troll Fighter)                Turns: 3373, Time: 00:16:12

Health: 0/68       AC:  4    Str: 27    XL:     7   Next: 57%
Magic:  6/6        EV:  9    Int:  4    God:
Gold:   111        SH:  7    Dex:  9    Spells: 6/6 levels left

rFire   . . .      SeeInvis .   a - +0 flail
rCold   . . .      Faith    .   c - +0 kite shield
rNeg    . . .      Spirit   .   b - +0 robe
rPois   .          Reflect  .   (helmet restricted)
rElec   .          Harm     .   (no cloak)
rCorr   .          Rampage  .   (gloves unavailable)
Will    .....                   (boots unavailable)
Stlth   +.........              (no amulet)
HPRegen 1.01/turn               (no ring)
MPRegen 0.10/turn               (no ring)

@: no status effects
A: large, unfitting armour, claws 3, regeneration 1, shaggy fur 1, tough skin 1
a: no special abilities


You were on level 4 of the Dungeon.
You visited 1 branch of the dungeon, and saw 5 of its levels.

You collected 111 gold pieces.

Inventory:

Hand Weapons
 a - a +0 flail (weapon)
 i - a +0 spear
 k - a +0 flail
 m - a +0 hunting sling
 n - a +0 dagger
 o - a +0 spear
 v - a +0 hand axe
 y - a +0 mace
 D - a +0 flail
 E - a +0 quarterstaff
Missiles
 g - 87 stones (quivered)
 j - 23 bolts
 s - 46 sling bullets
 u - 83 arrows
Armour
 b - a +0 robe (worn)
 c - a +0 kite shield (worn)
 h - a +2 pair of boots
Scrolls
 d - 2 scrolls of identify
 e - a scroll of magic mapping
 f - 4 scrolls of teleportation
 l - a scroll of vulnerability {unknown}
 p - 3 scrolls of blinking
 z - 2 scrolls of silence
 G - a scroll of holy word {unknown}
Potions
 q - a potion of curing {unknown}
 r - a potion of cancellation {unknown}
 t - a potion of ambrosia {unknown}
 w - a potion of flight
 x - a potion of degeneration {unknown}
 A - 2 potions of heal wounds
 B - a potion of invisibility {unknown}
 C - a potion of mutation {unknown}
 F - a potion of lignification {unknown}


   Skills:
 + Level 3.9 Fighting
 + Level 5.2 Maces & Flails
 + Level 3.9 Dodging
 + Level 0.4 Stealth
 + Level 3.7 Shields


You had 6 spell levels left.
You didn't know any spells.
Your spell library contained the following spells:

 Spells                   Type           Power      Damage    Failure   Level
 Freeze                   Ice            0%         1d3       80%         1
 Static Discharge         Conj/Air       0%         N/A       90%         2
 Call Canine Familiar     Summ           0%         N/A       99%         3
 Frozen Ramparts          Ice            0%         1d2       99%         3
 Portal Projectile        Hex/Tloc       0%         N/A       99%         3
 Hailstorm                Conj/Ice       0%         3d3       100%        4
 Leda's Liquefaction      Hex/Erth       0%         N/A       100%        4
 Lightning Bolt           Conj/Air       0%         1d11      100%        5
 Maxwell's Capacitive Co  Air            0%         ∞         100%        8


Dungeon Overview and Level Annotations

Branches:
Dungeon (5/15)
 Temple: D:4-7

Altars:

Shops:
D:4 [

Annotations:
D:4 Edmund


Innate Abilities, Weirdness & Mutations

You are too large for most types of armour.
You have claws for hands.
Your natural rate of healing is unusually fast.
You are covered in fur. (AC +1)
You have tough skin. (AC +1)


Message History

You sock Edmund!
Edmund is heavily wounded.
You feel sick.
You are no longer poisoned.
Edmund barely misses you.
You closely miss Edmund.
Edmund is heavily wounded.
Edmund barely misses you. Edmund closely misses you.
You hit Edmund.
Edmund is severely wounded.
Edmund hits you with a +2 vorpal flail.
You hit Edmund but do no damage.
Edmund is severely wounded.
You block Edmund's attack.
You hit Edmund but do no damage.
Edmund is severely wounded.
Edmund hits you with a +2 vorpal flail!
You closely miss Edmund.
Edmund is severely wounded.
Edmund hits you with a +2 vorpal flail! You block Edmund's attack.
You sock Edmund!
Edmund is almost dead.
Edmund hits you with a +2 vorpal flail!
You hit Edmund.
Edmund is almost dead.
Edmund hits you with a +2 vorpal flail!
* * * LOW HITPOINT WARNING * * *
x2 You hit Edmund but do no damage.
Edmund is almost dead.
You block Edmund's attack.
You hit Edmund.
Edmund is almost dead.
Edmund hits you with a +2 vorpal flail.
* * * LOW HITPOINT WARNING * * *
x2 Edmund completely misses you.
Unknown command.
You hit Edmund but do no damage.
Edmund is almost dead.
Edmund hits you with a +2 vorpal flail!
You die...

#..#...# #.....## #....###
##.##..## ##..### #..#...#. #...#
##.....#..
##############...######..###...#
##.....##........###.............
#...............##.....#....≈≈≈≈≈
>...............#†.##.....≈≈≈≈≈≈≈
................@...#....#≈≈≈≈≈≈≈
................@........####≈≈≈≈
.....................[..#.#.#≈≈≈≈
......................)≈##..#≈≈≈#
.....................[.≈#...#≈≈≈#
#).....................≈###.#####
##.....##.....>........≈≈#.....†.
########..............≈≈#####.##
#..####.....#...≈≈≈≈≈#.#≈


You could see Edmund.

Vanquished Creatures
  Eustachio (D:3)
  A black bear (D:4)
  A necrophage (D:4)
  The ghost of gimp the Ogre Mage, an amateur OgWz (D:3)
  A scorpion (D:4)
  A water moccasin skeleton (D:4)
  2 orc priests
  Jessica (D:2)
  A hound skeleton (D:4)
  4 adders
  4 gnolls (D:3)
  A white imp (D:4)
  An ufetubus (D:3)
  A worm (D:2)
  A dart slug (D:4)
  9 orcs
  6 endoplasms
  4 giant cockroaches
  3 goblins
  8 hobgoblins
  11 jackals
  4 quokkas
  5 ball pythons
  A bat (D:1)
  5 frilled lizards
  3 kobolds
  4 rats
85 creatures vanquished.

Notes
Turn   | Place    | Note
-------+----------+-------------------------------------------
     0 | D:1      | issech the Troll Fighter began the quest for the Orb.
     0 | D:1      | Reached XP level 1. HP: 22/22 MP: 0/0
   130 | D:1      | Reached XP level 2. HP: 29/29 MP: 1/1
   441 | D:1      | Reached skill level 2 in Maces & Flails
   486 | D:1      | Found a faded altar of an unknown god.
   935 | D:2      | Reached XP level 3. HP: 34/36 MP: 2/2
  1091 | D:2      | Noticed Jessica
  1101 | D:2      | Killed Jessica
  1218 | D:2      | Reached XP level 4. HP: 44/44 MP: 3/3
  1626 | D:3      | Reached skill level 3 in Maces & Flails
  1926 | D:3      | Noticed gimp's ghost (amateur OgWz)
  1927 | D:3      | Found a runed translucent door.
  1956 | D:3      | Reached XP level 5. HP: 42/53 MP: 4/4
  2455 | D:3      | Killed gimp's ghost
  2456 | D:3      | Reached skill level 4 in Maces & Flails
  2456 | D:3      | Reached XP level 6. HP: 53/61 MP: 5/5
  2726 | D:4      | Noticed Eustachio
  2819 | D:3      | Killed Eustachio
  2820 | D:3      | Reached XP level 7. HP: 17/68 MP: 6/6
  2956 | D:4      | Found Diasch's Antique Armour Shop.
  3039 | D:4      | Reached skill level 5 in Maces & Flails
  3339 | D:5      | Entered Level 5 of the Dungeon
  3347 | D:5      | Noticed Edmund
  3373 | D:4      | Slain by Edmund

Illustrated notes

Levels and vault maps discovered:
D:1:      elethiomel_arrival_quiet, layout_basic,
          dilly_ecumenical_altar_fadedgnrine, corexii_item_surrounded_by_moat
D:2:      layout_loops_ring, kennysheep_jessica_study
D:3:      kennysheep_six_static_rooms, layout_loops_ring, portal_sewer_entry_d,
          hellmonk_ghost_happy_afterlife
D:4:      layout_rooms, serial_shops, shop_fountains, grunt_decor_junction,
          uniq_eustachio
D:5:      layout_rooms, nicolae_overflow_crystal_walls,
          minmay_temple_entry_large_hall, enter_ossuary_5, serial_shops,
          shop_fountains, uniq_edmund, uniq_blork_the_orc

Skill      XL: |  1  2  3  4  5  6  7 |
---------------+----------------------+-----
Maces & Flails | 2 3 4 5 |  5.2
Fighting       | 3 |  3.9
Shields        | 3 |  3.7
Dodging        | 3 |  3.9
Stealth        | |  0.4

Action                   |  1- 3 |  4- 6 |  7- 9 || total
-------------------------+-------+-------+-------++-------
Melee: Flail             |   121 |   187 |    67 ||   375
  Use: Scroll            |       |     6 |       ||     6
       Potion            |       |     1 |       ||     1
Armor: Robe              |    46 |    77 |    23 ||   146
Dodge: Dodged            |    54 |    96 |    41 ||   191
Block: Kite shield       |    68 |   104 |    34 ||   206

Table legend: (Time is in decaauts)
 A = Elapsed time spent in this place.
 B = Non-inter-level travel time spent in this place.
 C = Inter-level travel time spent in this place.
 D = Time resting spent in this place.
 E = Time spent auto-exploring this place.
 F = Levels seen in this place.
 G = Mean time per level.
                   A        B        C        D        E       F      G
               +--------+--------+--------+--------+--------+-----+--------+
         Total |   3522 |   3522 |      0 |     80 |   1467 |   5 |  704.4 |
       Dungeon |   3522 |   3522 |      0 |     80 |   1467 |   5 |  704.4 |
               +--------+--------+--------+--------+--------+-----+--------+

Top non-repeatable levels by time:
     D:3: 1274 daAuts
     D:1: 775 daAuts
     D:2: 765 daAuts
     D:4: 686 daAuts
     D:5: 21 daAuts
